 Dungeon Crawl Stone Soup version 0.28-a0-1387-g3a22ab9bdc (webtiles) character file.

Game seed: 9018929863342498329

3433 ReploidZero the Arsonist (level 10, -4/69 HPs)
             Began as a Hill Orc Fire Elementalist on Jan 3, 2022.
             Was a Believer of Beogh.
             Shot with an arrow by a centaur warrior (15 damage)
             ... on level 9 of the Dungeon.
             The game lasted 00:35:17 (9362 turns).

ReploidZero the Arsonist (HOFE)                     Turns: 9362, Time: 00:35:18

Health: -4/69      AC: 10    Str: 15    XL:     10   Next: 5%
Magic:  28/28      EV: 12    Int: 19    God:    Beogh [**....]
Gold:   438        SH:  0    Dex: 11    Spells: 4/21 levels left

rFire   + + +      SeeInvis .   n - +3 Elemental Staff {rElec rF++ rC++ AC+5}
rCold   + + .      Faith    .   (no shield)
rNeg    . . .      Spirit   .   a - +0 robe
rPois   .          Reflect  .   y - +0 helmet
rElec   +          Harm     .   (no cloak)
rCorr   .          Rampage  .   o - +1 pair of gloves
Will    .....                   (no boots)
Stlth   ++........              k - amulet of Vodol {Acrobat MP+9 Str+3 Slay+3}
HPRegen 0.21/turn               w - ring of protection from fire
MPRegen 0.21/turn               (no ring)

@: no status effects
A: no striking features
a: Renounce Religion, Smiting


You were on level 9 of the Dungeon.
You worshipped Beogh.
Beogh was pleased with you.
You visited 1 branch of the dungeon, and saw 9 of its levels.
You also visited: Bailey.

You collected 438 gold pieces.

Inventory:

Hand Weapons
 n - the +3 Elemental Staff (weapon) {rElec rF++ rC++ AC+5}
   (You acquired it on level 4 of the Dungeon)

   If the wielder is skilled in Evocations, they can discharge powerful blasts
   of elemental energy when striking with it.
   It enhances your fire, ice, earth and air magic.
   AC:        It affects your AC (+5).
   rF:        It greatly protects you from fire.
   rC:        It greatly protects you from cold.
   rElec:     It insulates you from electricity.
 u - a +4 whip
Armour
 a - a +0 robe (worn)
 j - an orb of guile
 o - a +1 pair of gloves (worn)
 y - a +0 helmet (worn)
Jewellery
 f - an amulet of regeneration
 k - the amulet of Vodol (around neck) {Acrobat MP+9 Str+3 Slay+3}
   (You acquired it on level 4 of the Dungeon)

   [amulet of the acrobat]

   It increases your evasion while moving and waiting.
   Str:       It affects your strength (+3).
   Slay:      It affects your accuracy & damage with ranged weapons and melee
   (+3).
   MP:        It affects your magic capacity (+9).
 s - a ring of ice
 w - a ring of protection from fire (left hand)
Wands
 i - a wand of paralysis (9)
 q - a wand of mindburst (3)
 v - a wand of flame (27)
Scrolls
 d - 2 scrolls of enchant weapon
 h - 5 scrolls of teleportation
 l - 2 scrolls of blinking
 p - a scroll of amnesia
 t - a scroll of silence
Potions
 b - 2 potions of curing
 c - 2 potions of cancellation
 e - 7 potions of haste
 g - a potion of invisibility
 m - a potion of brilliance {unknown}
 x - 2 potions of magic {unknown}
 z - 4 potions of might {unknown}
 A - a potion of flight {unknown}
 B - a potion of mutation {unknown}
 C - 4 potions of heal wounds


   Skills:
 - Level 1.5 Dodging
 - Level 1.5 Stealth
 + Level 6.3 Spellcasting
 + Level 8.1 Conjurations
 + Level 9.4 Fire Magic
 + Level 0.3 Invocations


You had 4 spell levels left.
You knew the following spells:

 Your Spells              Type           Power      Damage    Failure   Level
a - Foxfire               Conj/Fire      100%       2x1d9     1%          1
b - Scorch                Fire           100%       2d10      1%          2
c - Conjure Flame         Conj/Fire      56%        6-21      1%          3
d - Flame Wave            Conj/Fire      56%        2d9       3%          4
e - Inner Flame           Hex/Fire       36%        N/A       4%          3
f - Sticky Flame          Conj/Fire      56%        2d7       3%          4

Your spell library contained the following spells:

 Spells                   Type           Power      Damage    Failure   Level
 Static Discharge         Conj/Air       32%        N/A       3%          2
 Animate Skeleton         Necr           12%        N/A       11%         1
 Apportation              Tloc           12%        N/A       11%         1
 Summon Small Mammal      Summ           24%        N/A       11%         1
 Call Canine Familiar     Summ           6%         N/A       32%         3
 Portal Projectile        Hex/Tloc       12%        N/A       32%         3
 Dispel Undead            Necr           6%         3d8       71%         4
 Leda's Liquefaction      Hex/Erth       4%         N/A       71%         4
 Summon Ice Beast         Ice/Summ       9%         N/A       71%         4
 Fireball                 Conj/Fire      28%        3d12      9%          5
 Iskenderun's Battlesphe  Conj           37%        2d9       11%         5
 Summon Mana Viper        Hex/Summ       6%         N/A       96%         5
 Conjure Ball Lightning   Conj/Air       16%        3x3d6     97%         6
 Orb of Destruction       Conj           18%        9d8       97%         7
 Monstrous Menagerie      Summ           3%         N/A       100%        7


Dungeon Overview and Level Annotations

Branches:
Dungeon (9/15)             Temple (0/1) D:6          Bailey (visited)
   Lair: D:8-11         Orc: D:9-12

Altars:
Ashenzari
Kikubaaqudgha
Makhleb
Ru
Uskayaw
Vehumet
Xom

Shops:
D:2 [   D:3 =   D:4 (   D:6 :


Message History

You climb upwards.
There is a stone staircase leading down here.
You barely miss the orc wizard.
The orc wizard is almost dead.
The orc wizard closely misses you.
You closely miss the orc wizard.
The orc wizard is almost dead.
The orc wizard closely misses you.
You hit the orc wizard.
You kill the orc wizard!
Beogh accepts your kill.
Things that are here:
a +0 dagger of protection; a +0 robe Magic restored.
HP restored.
Partly explored, can't reach some places.
Partly explored, can't reach some places.
Partly explored, can't reach some places.
Partly explored, can't reach some places.
There is an open door here.
There is an open door here.
There is a stone staircase leading down here.
You climb downwards.
Found 22 stones.
There is a stone staircase leading up here.
The centaur warrior shoots an arrow.
The arrow misses you.
The centaur warrior shoots an arrow.
The arrow hits you!!
There are monsters nearby!
The centaur warrior shoots an arrow.
The arrow hits you!
The centaur shoots an arrow.
The arrow misses you.
The centaur warrior shoots an arrow.
The arrow completely misses you.
The centaur shoots an arrow.
The arrow hits you.
The centaur shoots an arrow.
The arrow closely misses you.
The centaur shoots an arrow.
The arrow misses you.
The centaur warrior shoots an arrow.
The arrow misses you.
There is a stone staircase leading up here.
The centaur warrior shoots an arrow.
The arrow hits you!
* * * LOW HITPOINT WARNING * * *
The centaur warrior shoots an arrow.
The arrow hits you!
You die...

########### #
#.........#.#
#.........#.#
#.....@..(..###..
#######.#c.......
#.......###
####......#
.......
###..........c
.....c..c....#
.........$...#
........(....#


You could see a centaur warrior and a centaur.

Vanquished Creatures
  Maggie (D:7)
  3 yaks (D:8)
  2 water moccasins (D:6)
  2 orc warriors
  A sky beast (D:7)
  An ice beast (D:5)
  A necrophage (D:5)
  4 ogres
  A centaur (D:7)
  A bullfrog (D:7)
  A wyvern zombie (D:6)
  A gnoll sergeant (D:8)
  3 scorpions
  A wyvern skeleton (D:6)
  2 howler monkeys (D:7)
  A crimson imp (D:8)
  A bullfrog skeleton (D:7)
  6 hounds
  2 orc priests
  2 jellies
  2 iguanas
  6 orc wizards
  A killer bee zombie (D:8)
  A howler monkey zombie (D:6)
  14 gnolls
  2 adders
  A howler monkey skeleton (D:5)
  A shadow imp (D:6)
  A white imp (D:6)
  2 ufetubi
  A worm (D:3)
  3 dart slugs
  32 orcs
  7 endoplasms
  2 giant cockroaches
  9 goblins
  10 hobgoblins
  3 jackals (D:1)
  7 kobolds
  9 ball pythons
  5 bats
  4 frilled lizards
  7 rats
167 creatures vanquished.

Vanquished Creatures (collateral kills)
  A water moccasin (D:7)
  A sky beast (D:7)
  A howler monkey (D:7)
3 creatures vanquished.

Vanquished Creatures (others)
  81 foxfires
  A fungus (D:6)
82 creatures vanquished.

Grand Total: 252 creatures vanquished

Notes
Turn   | Place    | Note
-------+----------+-------------------------------------------
     0 | D:1      | ReploidZero the Hill Orc Fire Elementalist began the quest
                  | for the Orb.
     0 | D:1      | Reached XP level 1. HP: 14/14 MP: 3/3
   191 | D:1      | Reached XP level 2. HP: 20/20 MP: 2/4
   835 | D:1      | Learned a level 2 spell: Scorch
   909 | D:1      | Reached XP level 3. HP: 26/26 MP: 1/6
  1289 | D:1      | Found a faded altar of an unknown god.
  1465 | D:1      | Learned a level 3 spell: Conjure Flame
  1762 | D:2      | Reached skill level 4 in Fire Magic
  1962 | D:2      | Reached XP level 4. HP: 32/33 MP: 0/7
  2268 | D:2      | Found Riuhoem's Antique Armour Shop.
  2854 | D:3      | Found an ancient bone altar of Kikubaaqudgha.
  3060 | D:3      | Found Unnusiet's One-of-a-Kind Rings.
  3071 | D:3      | Reached XP level 5. HP: 35/38 MP: 0/8
  3242 | D:3      | Found a broken altar of Ashenzari.
  3243 | D:3      | Found a hide-covered altar of Uskayaw.
  3622 | D:4      | Found Erryture's Weapon Emporium.
  3726 | D:4      | Reached skill level 5 in Fire Magic
  3726 | D:4      | Reached XP level 6. HP: 45/45 MP: 3/10
  3974 | D:4      | Identified a scroll of acquirement
  3974 | D:4      | Acquired the +3 Elemental Staff {rElec rF++ rC++ AC+5}
  3974 | D:4      | Found the +3 Elemental Staff {rElec rF++ rC++ AC+5}
  4142 | D:4      | Learned a level 4 spell: Flame Wave
  4356 | D:4      | Reached XP level 7. HP: 49/50 MP: 5/12
  4494 | D:4      | Acquired the amulet of Vodol {Acrobat MP+9 Str+3 Slay+3}
  4593 | D:5      | Entered Level 5 of the Dungeon
  4704 | D:5      | Reached skill level 6 in Fire Magic
  4777 | D:5      | Identified the +2 morningstar of Saipru {vorpal, rC++
                  | Will++ Dex-4}
  4955 | D:5      | Reached XP level 8. HP: 57/57 MP: 14/14
  5011 | D:5      | Became a worshipper of Beogh the Brigand
  5013 | D:5      | Reached skill level 5 in Conjurations
  5205 | D:6      | Found Qautwud's Book Emporium.
  5643 | D:6      | Reached skill level 7 in Fire Magic
  5998 | D:6      | Found a staircase to the Ecumenical Temple.
  6239 | D:6      | Found a radiant altar of Vehumet.
  6543 | D:6      | Identified the +6 flail "Kotibaeph" {vorpal, Contam rCorr
                  | Str+9 Dex+2}
  6619 | D:7      | Reached skill level 5 in Spellcasting
  6623 | D:7      | Learned a level 3 spell: Inner Flame
  6757 | D:7      | Reached XP level 9. HP: 59/62 MP: 10/16
  6760 | D:7      | Noticed Maggie
  6969 | D:7      | Reached skill level 8 in Fire Magic
  6997 | D:7      | Reached * piety under Beogh
  7012 | D:7      | Killed Maggie
  7252 | D:7      | Learned a level 4 spell: Sticky Flame
  7654 | D:8      | Found a flagged portal.
  7729 | Bailey   | Entered a bailey
  8355 | Bailey   | Reached ** piety under Beogh
  8428 | D:8      | Reached skill level 9 in Fire Magic
  8431 | D:8      | Reached XP level 10. HP: 64/69 MP: 17/19
  8816 | D:8      | Found a sacrificial altar of Ru.
  8927 | D:8      | Found a shimmering altar of Xom.
  8927 | D:8      | Found a burning altar of Makhleb.
  9213 | D:9      | Noticed a centaur warrior
  9362 | D:9      | Shot with an arrow by a centaur warrior

Illustrated notes

Levels and vault maps discovered:
D:1:      lemuel_arrival_rhombus, layout_loops_ring,
          hellmonk_ecumenical_altar_run_dry, minivault_14, minmay_vboxes
D:2:      layout_loops_corners, serial_shops, nicolae_shop_overgrown_old_shop
D:3:      layout_basic, overflow_temple_1_default, nicolae_overflow_squiral,
          nicolae_shop_unique_rings
D:4:      layout_basic, serial_shops, shop
D:5:      layout_rooms
D:6:      layout_loops_ring, vehumet_altar_wand_db,
          minmay_temple_entry_offerings, serial_shops, shop, serial_aquarium,
          aquarium_bridge_square [aquarium_subvault_bridge,
          aquarium_subvault_bridge, aquarium_subvault_wall,
          aquarium_subvault_bridge], aquarium_bridge_square
          [aquarium_subvault_bridge, aquarium_subvault_bridge,
          aquarium_subvault_bridge, aquarium_subvault_window],
          aquarium_window_2, aquarium_window_double, aquarium_window_1,
          aquarium_window_double, aquarium_view_2b, aquarium_balcony_3a
D:7:      layout_rooms, minivault_27, serial_park_tiny_2,
          minmay_tree_intersection, uniq_maggie
D:8:      layout_gridville, grunt_temple_overflow_champion_of_chaos,
          mainiacjoe_overflow_alcove_4, enter_bailey_3,
          chequers_serial_rivers_large_a
D:9:      layout_rooms, zin_academy, old_standard_altar, serial_shops,
          nicolae_shop_behind_doors

Skill      XL: |  1  2  3  4  5  6  7  8  9 |
---------------+----------------------------+-----
Spellcasting   | 2 3 4 5 6 |  6.3
Conjurations   | 2 3 4 6 8 |  8.1
Fire Magic     | 4 5 6 7 9 |  9.4
Dodging        | |  1.5
Stealth        | |  1.5
Invocations    | |  0.3

Action                   |  1- 3 |  4- 6 |  7- 9 | 10-12 || total
-------------------------+-------+-------+-------+-------++-------
Melee: Unarmed           |     7 |       |       |       ||     7
       Short sword       |    17 |    13 |       |       ||    30
       Hand axe          |       |    52 |       |       ||    52
       Staff             |       |       |    10 |     7 ||    17
 Cast: Foxfire           |    35 |     2 |    12 |     2 ||    51
       Scorch            |    15 |    38 |   109 |     3 ||   165
       Flame Wave        |       |       |     6 |     1 ||     7
       Inner Flame       |       |       |     1 |       ||     1
Invok: Convert to Beogh  |       |       |     1 |       ||     1
Evoke: Wand              |       |       |       |     2 ||     2
  Use: Scroll            |     5 |     7 |     9 |       ||    21
       Potion            |     1 |     1 |     2 |       ||     4
 Stab: Sleeping          |     1 |     3 |     2 |       ||     6
Armor: Robe              |     8 |    14 |    29 |     4 ||    55
Dodge: Dodged            |    34 |    50 |    51 |    14 ||   149

Table legend: (Time is in decaauts)
 A = Elapsed time spent in this place.
 B = Non-inter-level travel time spent in this place.
 C = Inter-level travel time spent in this place.
 D = Time resting spent in this place.
 E = Time spent auto-exploring this place.
 F = Levels seen in this place.
 G = Mean time per level.
                   A        B        C        D        E       F      G
               +--------+--------+--------+--------+--------+-----+--------+
         Total |   9380 |   9093 |    287 |      0 |   7570 |  10 |  938.0 |
       Dungeon |   8725 |   8438 |    287 |      0 |   7002 |   9 |  969.4 |
        Bailey |    655 |    655 |      0 |      0 |    568 |   1 |  655.0 |
               +--------+--------+--------+--------+--------+-----+--------+

Top non-repeatable levels by time:
     D:1: 1730 daAuts
     D:6: 1395 daAuts
     D:4: 1185 daAuts
     D:8: 1080 daAuts
     D:7: 1011 daAuts
     D:2: 932 daAuts
     D:3: 761 daAuts
  Bailey: 655 daAuts
     D:5: 611 daAuts
     D:9: 16 daAuts
